 Dungeon Crawl Stone Soup version 0.28-a0-1415-g7c84da036a (webtiles) character file.

Game seed: 17756147937498806744

649 flotson the Chopper (level 7, 0/53 HPs)
             Began as a Demonspawn Gladiator on Jan 8, 2022.
             Engulfed by a steam dragon's steam (11 damage)
             ... on level 4 of the Dungeon.
             The game lasted 00:07:16 (6580 turns).

flotson the Chopper (Demonspawn Gladiator)          Turns: 6580, Time: 00:07:17

Health: 0/53       AC:  7    Str: 16    XL:     7   Next: 28%
Magic:  7/7        EV: 10    Int:  9    God:
Gold:   299        SH:  7    Dex: 15    Spells: 6/6 levels left

rFire   . . .      SeeInvis .   t - +4 scimitar
rCold   . . .      Faith    .   c - +0 kite shield
rNeg    . . .      Spirit   .   j - +0 ring mail
rPois   .          Reflect  .   v - +0 helmet
rElec   .          Harm     .   (no cloak)
rCorr   .          Rampage  .   p - +0 pair of gloves
Will    .....                   (no boots)
Stlth   +.........              (no amulet)
HPRegen 0.17/turn               (no ring)
MPRegen 0.10/turn               (no ring)

@: no status effects
A: claws 2
a: no special abilities


You were on level 4 of the Dungeon.
You visited 1 branch of the dungeon, and saw 4 of its levels.
You also visited: Sewer.

You collected 299 gold pieces.

Inventory:

Hand Weapons
 a - a +0 war axe
 r - a +2 trident
 t - a +4 scimitar (weapon)
Missiles
 k - 4 poisoned darts (quivered)
Armour
 c - a +0 kite shield (worn)
 j - a +0 ring mail (worn)
 p - a +0 pair of gloves (worn)
 v - a +0 helmet (worn)
Scrolls
 b - a scroll of summoning {unknown}
 f - a scroll of amnesia {unknown}
 h - 2 scrolls of teleportation {unknown}
 i - 2 scrolls of immolation {unknown}
 o - a scroll of magic mapping {unknown}
 s - a scroll of torment {unknown}
Potions
 e - 2 potions of curing
 g - a potion of heal wounds {unknown}
 l - a potion of might {unknown}
 m - 2 potions of haste {unknown}
 n - a potion of invisibility {unknown}
 q - a potion of degeneration {unknown}
 u - a potion of lignification {unknown}


   Skills:
 + Level 3.9 Fighting
 + Level 4.2 Axes
 + Level 3.5 Throwing
 + Level 3.0 Armour
 + Level 4.1 Dodging
 + Level 0.5 Shields


You had 6 spell levels left.
You didn't know any spells.
Your spell library contained the following spells:

 Spells                   Type           Power      Damage    Failure   Level
 Blink                    Tloc           0%         N/A       99%         2
 Gell's Gravitas          Tloc           0%         N/A       100%        3
 Ignite Poison            Fire/Tmut/Pois 0%         N/A       100%        3
 Lesser Beckoning         Tloc           0%         N/A       100%        3
 Mephitic Cloud           Conj/Pois/Air  0%         N/A       100%        3
 Ozocubu's Armour         Ice            0%         N/A       100%        3
 Teleport Other           Tloc           0%         N/A       100%        3
 Freezing Cloud           Conj/Ice/Air   0%         6-21      100%        5
 Manifold Assault         Tloc           0%         N/A       100%        5
 Ozocubu's Refrigeration  Ice            0%         4d5       100%        7
 Storm Form               Tmut/Air       0%         N/A       100%        7


Dungeon Overview and Level Annotations

Branches:
Dungeon (4/15)              Sewer (visited)
 Temple: D:4-7

Altars:

Shops:
D:1 (

Annotations:
D:3 3 runed translucent doors, Vadun's ghost, amateur TrMo


Innate Abilities, Weirdness & Mutations

You have very sharp fingernails.


Message History

The steam dragon is moderately wounded.
The steam dragon struggles against the net. x2
You slash the steam dragon!
The steam dragon is heavily wounded.
The steam dragon struggles against the net.
You hit the steam dragon.
The steam dragon is heavily wounded.
The steam dragon breathes steam at you. The ball of steam misses you.
The steam dragon struggles against the net.
The net rips apart, and the steam dragon comes free!
You hit the steam dragon.
The steam dragon is severely wounded.
You are engulfed in a cloud of scalding steam.
The steam dragon bites you. The steam dragon claws you.
You closely miss the steam dragon.
The steam dragon is severely wounded.
The steam dragon closely misses you.
The steam dragon claws you but does no damage.
You block the steam dragon's attack. The steam dragon closely misses you.
You hit the steam dragon.
The steam dragon is almost dead.
The steam dragon breathes steam at you. The ball of steam hits you.
The steam dragon barely misses you. You block the steam dragon's attack.
You barely miss the steam dragon.
The steam dragon is almost dead.
You are engulfed in a cloud of scalding steam.
The steam dragon closely misses you. You block the steam dragon's attack.
You barely miss the steam dragon.
The steam dragon is almost dead.
The steam dragon bites you but does no damage.
The steam dragon claws you. The steam dragon breathes steam at you.
The ball of steam hits you!
* * * LOW HITPOINT WARNING * * *
You hit the steam dragon.
The steam dragon is almost dead.
You are engulfed in a cloud of scalding steam.
You die...

########.###
####...#################
#.......................
#>......................
#######.............####
###)#########.# #.#.#
#.# #(#.# #.# #@D.#
#.#### ##### #..^..
######


You could see a steam dragon (catching breath).

Vanquished Creatures
  An ice beast (D:4)
  A kobold brigand (Sewer)
  A water moccasin skeleton (D:3)
  3 wights
  2 hounds (D:4)
  Robin (D:3)
  8 adders
  4 river rats (Sewer)
  4 worms
  2 dart slugs (D:1)
  2 orcs
  11 ball pythons
  7 endoplasms
  8 giant cockroaches
  14 goblins
  14 hobgoblins
  6 jackals
  7 quokkas
  5 bats
  11 frilled lizards
  8 kobolds
  7 rats
127 creatures vanquished.

Vanquished Creatures (others)
  2 demonic plants (D:2)
  A fungus (D:2)
  57 plants
  2 withered plants (D:2)
62 creatures vanquished.

Grand Total: 189 creatures vanquished

Notes
Turn   | Place    | Note
-------+----------+-------------------------------------------
     0 | D:1      | flotson the Demonspawn Gladiator began the quest for the
                  | Orb.
     0 | D:1      | Reached XP level 1. HP: 16/16 MP: 1/1
   382 | D:1      | Gained mutation: You have sharp fingernails. [demonic
                  | ancestry]
   382 | D:1      | Reached XP level 2. HP: 22/22 MP: 2/2
   426 | D:1      | Found Peteluiq's Weapon Emporium.
   560 | D:1      | Reached XP level 3. HP: 21/28 MP: 3/3
   790 | D:1      | Reached skill level 1 in Armour
  1689 | D:2      | Gained mutation: You have very sharp fingernails. [demonic
                  | ancestry]
  1689 | D:2      | Reached XP level 4. HP: 26/34 MP: 4/4
  1782 | D:2      | Found a faded altar of an unknown god.
  2529 | D:3      | Noticed Robin
  2979 | D:3      | Killed Robin
  3103 | D:3      | Found a runed translucent gate.
  3104 | D:3      | Found a runed translucent gate.
  3104 | D:3      | Found a runed translucent gate.
  3105 | D:3      | Noticed Vadun's ghost (amateur TrMo)
  3136 | D:3      | Found a glowing drain.
  3145 | Sewer    | Entered a sewer
  3381 | Sewer    | Reached XP level 5. HP: 29/40 MP: 5/5
  3943 | Sewer    | Reached XP level 6. HP: 33/47 MP: 6/6
  5449 | D:4      | Noticed an ice beast
  5475 | D:4      | Killed an ice beast
  5964 | D:4      | Reached XP level 7. HP: 52/53 MP: 7/7
  6553 | D:4      | Noticed a steam dragon
  6580 | D:4      | Engulfed by a steam dragon's steam

Illustrated notes

Levels and vault maps discovered:
D:1:      lightli_arrival_farm, layout_basic, serial_shops,
          nicolae_shop_bloodbath_and_beyond, minmay_cupped
D:2:      layout_rooms, shapermc_ecumenical_altar_gd, grunt_decor_cap,
          chequers_big_river
D:3:      layout_loops_ring, portal_sewer_entry_f, gammafunk_ghost_necromancy,
          serial_bayou_lagoon_a, st_stairs_2, uniq_robin
D:4:      layout_basic

Skill      XL: |  1  2  3  4  5  6  7 |
---------------+----------------------+-----
Throwing       | 2 3 |  3.5
Dodging        | 3 4 |  4.1
Axes           | 3 4 |  4.2
Armour         | 1 2 3 |  3.0
Fighting       | 3 |  3.9
Shields        | |  0.5

Action                   |  1- 3 |  4- 6 |  7- 9 || total
-------------------------+-------+-------+-------++-------
Melee: War axe           |   111 |   255 |       ||   366
       Punch             |     2 |     3 |       ||     5
       Scimitar          |       |     3 |    33 ||    36
Throw: Throwing net      |       |     2 |     1 ||     3
  Use: Potion            |       |     1 |       ||     1
 Stab: Sleeping          |     1 |     1 |       ||     2
       Held in net/web   |       |       |     1 ||     1
Armor: Leather armour    |    42 |    14 |       ||    56
       Ring mail         |       |    81 |     5 ||    86
Dodge: Dodged            |    99 |   227 |    24 ||   350
Block: Kite shield       |       |       |    10 ||    10

Table legend: (Time is in decaauts)
 A = Elapsed time spent in this place.
 B = Non-inter-level travel time spent in this place.
 C = Inter-level travel time spent in this place.
 D = Time resting spent in this place.
 E = Time spent auto-exploring this place.
 F = Levels seen in this place.
 G = Mean time per level.
                   A        B        C        D        E       F      G
               +--------+--------+--------+--------+--------+-----+--------+
         Total |   6913 |   6795 |    118 |    333 |   5294 |   5 | 1382.6 |
       Dungeon |   5473 |   5355 |    118 |    264 |   4207 |   4 | 1368.2 |
         Sewer |   1439 |   1439 |      0 |     69 |   1086 |   1 | 1439.0 |
               +--------+--------+--------+--------+--------+-----+--------+

Top non-repeatable levels by time:
     D:1: 1525 daAuts
     D:2: 1521 daAuts
   Sewer: 1439 daAuts
     D:3: 1436 daAuts
     D:4: 990 daAuts
